 Dungeon Crawl Stone Soup version 0.27-a0-1434-g6f15984924 (webtiles) character file.

Game seed: 3060291068983227351

107 Snarg the Magician (level 5, -1/38 HPs)
             Began as a Djinni Wanderer on July 4, 2021.
             Slain by a goblin (5 damage)
             ... led by Robin
             ... on level 3 of the Dungeon.
             The game lasted 00:10:35 (4988 turns).

Snarg the Magician (Djinni Wanderer)                Turns: 4988, Time: 00:10:35

Health: -1/38      AC:  2    Str:  9 (11) XL:     5   Next: 10%
Gold:   93         EV: 11    Int: 16 (17) God:
                   SH:  0    Dex:  7 (10)

rFire    + + .     SeeInvis .   a - +1 short sword (venom)
rCold    x . .     Faith    .   (no shield)
rNeg     . . .     Spirit   .   b - +0 robe
rPois    ∞         Reflect  .   (no helmet)
rElec    .         Harm     .   (no cloak)
rCorr    .         Rampage  .   (no gloves)
Will     .....                  (boots unavailable)
Stlth    +.........             (no amulet)
HPRegen  0.12/turn              f - ring of wizardry
MPRegen  0.00/turn              (no ring)

@: flying
A: sickness immunity, fire resistance 2, cold vulnerability 1, float, innate
caster, hp casting, extra vitality 1
a: no special abilities


You were on level 3 of the Dungeon.
You visited 1 branch of the dungeon, and saw 3 of its levels.

You collected 93 gold pieces.

Inventory:

Hand Weapons
 a - a +1 short sword of venom (weapon)
 r - a +0 club
Missiles
 d - 25 stones
 l - 21 poisoned darts
 p - 8 javelins
Armour
 b - a +0 robe (worn)
 c - a +0 kite shield
 s - a +1 chain mail of fire resistance
Magical Staves
 o - a staff of death
Jewellery
 f - a ring of wizardry (left hand)
Scrolls
 e - 3 scrolls of enchant weapon {unknown}
 g - 3 scrolls of identify {unknown}
 h - 2 scrolls of torment {unknown}
 i - 3 scrolls of teleportation {unknown}
 j - a scroll of vulnerability {unknown}
 q - a scroll of amnesia {unknown}
Potions
 k - a potion of heal wounds {unknown}
 m - a potion of degeneration
 n - a potion of ambrosia


   Skills:
 * Level 1.9 Fighting
 + Level 0.1 Short Blades
 - Level 1.0 Throwing
 * Level 1.5 Dodging
 + Level 1.1 Stealth
 * Level 1.7 Shields
 - Level 1.0 Unarmed Combat
 + Level 4.8 Spellcasting


You had 2 spell levels left.
You knew the following spells:

 Your Spells              Type           Power      Damage    Failure   Level
a - Summon Small Mammal   Summ           76%        N/A       1%          1
b - Summon Guardian Gole  Hex/Summ       19%        N/A       2%          3
c - Sandblast             Erth           38%        2d10      1%          1
d - Stone Arrow           Conj/Erth      38%        3d9       2%          3
e - Animate Skeleton      Necr           38%        N/A       1%          1
f - Blink                 Tloc           N/A        N/A       1%          2

Your spell library contained the following spells:

 Spells                   Type           Power      Damage    Failure   Level


Dungeon Overview and Level Annotations

Branches:
Dungeon (3/15)

Altars:

Annotations:
D:1 clr
D:2 clr
D:3 Robin


Innate Abilities, Weirdness & Mutations

You are immune to sickness and miasma.
You are immune to poison.
Your flesh is very heat resistant. (rF++)
You are vulnerable to cold. (rC-)
You float through the air rather than walking.
You learn spells naturally, not from books.
Your magical power is your life essence.
You have superior vitality. (+4 HP)


Message History

Robin is lightly wounded.
Robin says, "A pitiful Djinni like you will never find the ORB!"
Robin misses you. The hobgoblin barely misses you.
Robin hits you but does no damage.
Casting: Summon Small Mammal (safe; 1% risk of failure)
Confirm with . or Enter, or press ? or * to list all spells.
Robin roars a battlecry!
The goblins go into a battle-frenzy!
Unknown command.
Unknown command.
Casting: Summon Small Mammal (safe; 1% risk of failure)
Confirm with . or Enter, or press ? or * to list all spells.
You blink.
Your quokka bites Robin.
Robin closely misses your quokka.
Your quokka barely misses Robin.
Robin says, "My army is invincible!"
Robin barely misses your quokka.
Your quokka completely misses Robin.
Robin hits your quokka with a +0 short sword!
Your quokka dies!
Your quokka's corpse disappears in a puff of smoke!
You are too injured to fight recklessly!
Casting: Blink (safe; 1% risk of failure)
Confirm with . or Enter, or press ? or * to list all spells.
* * * LOW HITPOINT WARNING * * *
Unknown command.
You swap places.
The goblin barely misses your quokka.
Your quokka misses the goblin.
Unknown command.
The goblin hits your quokka but does no damage.
Your quokka bites the goblin.
Robin throws the goblin at you!
* * * LOW HITPOINT WARNING * * *
You closely miss the goblin.
The goblin is moderately wounded.
The goblin barely misses you. The goblin hits you with a +0 dagger.
* * * LOW HITPOINT WARNING * * *
You hit the goblin.
The goblin is heavily wounded.
Robin hits your quokka with a +0 short sword.
The goblin hits you with a +0 dagger.
You die...

........# #.#
...<.g..# #.#
g.......# #.#
g.g..)..# #.#
........# #.#
........# #.#
........# #.# #g# #@#
#r# ###g#### #.g....#
#.#.##.# #g#)##.#
#.#)##.# #.).##.#
###################.#


You could see Robin, a hobgoblin (strong), a goblin (strong, ally target) and a
friendly quokka (summoned).

Vanquished Creatures
  An orc wizard (D:3)
  2 adders (D:2)
  A dart slug (D:1)
  An orc (D:3)
  2 ball pythons
  2 endoplasms (D:2)
  2 giant cockroaches (D:1)
  4 goblins
  A hobgoblin (D:3)
  2 jackals (D:1)
  4 quokkas
  8 bats
  A frilled lizard (D:1)
  3 kobolds
  4 rats
38 creatures vanquished.

Vanquished Creatures (collateral kills)
  An adder (D:3)
  4 ball pythons (D:1)
  An endoplasm (D:2)
  6 goblins
  4 hobgoblins
  A jackal (D:1)
  A kobold (D:2)
  A quokka (D:2)
  2 frilled lizards
  A jackal skeleton (D:3)
  A quokka skeleton (D:3)
  A rat (D:2)
24 creatures vanquished.

Vanquished Creatures (others)
  3 withered plants (D:3)
3 creatures vanquished.

Grand Total: 65 creatures vanquished

Notes
Turn   | Place    | Note
-------+----------+-------------------------------------------
     0 | D:1      | Snarg the Djinni Wanderer began the quest for the Orb.
     0 | D:1      | Reached XP level 1. HP: 17/17 MP: 0/0
   348 | D:1      | Reached XP level 2. HP: 8/22 MP: 0/0
  1874 | D:1      | Reached XP level 3. HP: 24/27 MP: 0/0
  1874 | D:1      | Learned a level 1 spell: Animate Skeleton
  2451 | D:1      | Reached skill level 1 in Dodging
  3299 | D:2      | Reached XP level 4. HP: 13/32 MP: 0/0
  4558 | D:3      | Reached XP level 5. HP: 22/38 MP: 0/0
  4558 | D:3      | Learned a level 2 spell: Blink
  4938 | D:3      | Noticed Robin
  4988 | D:3      | Slain by a goblin

Illustrated notes

Levels and vault maps discovered:
D:1:      sevenhm_arrival_forest_fort_large_4, layout_loops_corners,
          chequers_serial_rivers_large_a
D:2:      layout_basic, interstate_on_off, hex_intersection, minmay_vboxes
D:3:      layout_basic, hellmonk_ecumenical_altar_blasted, serial_undead,
          serial_undead_e, serial_undead_f, serial_undead_f, serial_undead_f,
          serial_undead_a, serial_bayou_pond_a, uniq_robin

Skill      XL: |  1  2  3 |
---------------+----------+-----
Dodging        | 1 |  1.5
Fighting       | |  1.9
Short Blades   | |  0.1
Throwing       | |  1.0
Stealth        | |  1.1
Shields        | |  1.7
Unarmed Combat | |  1.0
Spellcasting   | |  4.8

Action                   |  1- 3 |  4- 6 || total
-------------------------+-------+-------++-------
Melee: Club              |    98 |     7 ||   105
       Short sword       |       |    25 ||    25
 Cast: Summon Small Mamm |    50 |    14 ||    64
       Sandblast         |     5 |    11 ||    16
       Animate Skeleton  |     7 |     8 ||    15
       Blink             |       |     1 ||     1
  Use: Potion            |       |     3 ||     3
 Stab: Sleeping          |       |     2 ||     2
Armor: Robe              |    43 |    16 ||    59
Dodge: Dodged            |    61 |    30 ||    91
Block: Kite shield       |    34 |       ||    34

Table legend: (Time is in decaauts)
 A = Elapsed time spent in this place.
 B = Non-inter-level travel time spent in this place.
 C = Inter-level travel time spent in this place.
 D = Time resting spent in this place.
 E = Time spent auto-exploring this place.
 F = Levels seen in this place.
 G = Mean time per level.
                   A        B        C        D        E       F      G
               +--------+--------+--------+--------+--------+-----+--------+
         Total |   5039 |   4875 |    164 |    691 |   3560 |   3 | 1679.7 |
       Dungeon |   5039 |   4875 |    164 |    691 |   3560 |   3 | 1679.7 |
               +--------+--------+--------+--------+--------+-----+--------+

Top non-repeatable levels by time:
     D:1: 2823 daAuts
     D:2: 1530 daAuts
     D:3: 684 daAuts
